 Seeded DCSS version 0.30.0-5-g1a98f26d00 (webtiles) character file.

Game seed: 3 (custom seed)

66384 Kazon the Cleaver (level 15, 0/134 HPs)
             Began as a Hill Orc Monk on May 12, 2023.
             Was the Champion of Beogh.
             Slain by Ilsuiw
             ... wielding a +3 trident of freezing
              (3 damage)
             ... on level 2 of the Shoals.
             The game lasted 02:43:24 (16215 turns).

Kazon the Cleaver (Hill Orc Monk)                  Turns: 16215, Time: 02:43:25

Health: 0/134      AC: 15    Str: 33    XL:     15   Next: 19%
Magic:  25/25      EV: 14    Int: 17    God:    Beogh [******]
Gold:   1474       SH: 11    Dex: 17    Spells: 13/14 levels left

rFire   + . .        W - +10 war axe of War {holy, rF+ Str+2 Dex+4}
rCold   . . .        c - +0 kite shield
rNeg    . . .        P - +7 toga "Victory" {*Victory Int+7 Slay+7 Clar}
rPois   .            z - +1 hat {Will+}
rElec   .            O - +0 cloak
rCorr   .            u - +1 pair of gloves {Str+3}
SInv    .            b - +0 pair of boots
Will    ++...        E - amulet of regeneration
Stlth   +++          M - +4 ring of slaying
HPRegen 1.22/turn    G - +6 ring of strength
MPRegen 0.19/turn

%: clarity
@: studying 2 skills
A: walk on water
a: Renounce Religion, Smiting, Recall Orcish Followers, Give Item to Named
Follower, Resurrection


You were on level 2 of the Shoals.
You worshipped Beogh.
Beogh was exalted by your worship.
You visited 3 branches of the dungeon, and saw 20 of its levels.
You also visited: Bailey and Gauntlet.

You collected 1730 gold pieces.
You spent 256 gold pieces at shops.

Inventory:

Hand Weapons
 h - a +1 war axe of holy wrath
 q - a -1 demon whip of venom
 x - a +2 broad axe of draining
 W - the +10 war axe of War (weapon) {holy, rF+ Str+2 Dex+4}
   (You took it off a minotaur in a Gauntlet)

   Str:       It affects your strength (+2).
   Dex:       It affects your dexterity (+4).
   rF:        It protects you from fire.
Missiles
 t - 9 curare-tipped darts
 v - 35 poisoned darts
 Q - 3 boomerangs of dispersal
 R - 6 atropa-tipped darts
 S - 4 boomerangs (quivered)
 T - 29 javelins
 V - 6 silver javelins
Armour
 b - a +0 pair of boots (worn)
 c - a +0 kite shield (worn)
 f - a +0 ring mail of poison resistance
 u - a +1 pair of gloves of strength (worn)
 z - a +1 hat of willpower (worn)
 O - a +0 cloak (worn)
 P - the +7 toga "Victory" (worn) {*Victory Int+7 Slay+7 Clar}
   (You found it on level 11 of the Dungeon)

   *Victory:  When the wearer kills a threatening monster, it has a chance to
   gain +1 AC, +1 Slay, and +1 Int, capping at +7.
   When the wearer uses a scroll or a potion with a hostile monster in sight,
   its bonuses reset to +0.
   Unequipping it also resets its bonuses to +0.
   Int:       It affects your intelligence (+7).
   Slay:      It affects your accuracy & damage with ranged weapons and melee
   (+7).
   Clar:      It protects you from confusion, rage, mesmerisation and fear.
Jewellery
 s - a ring of protection from cold
 y - an amulet of reflection
 E - an amulet of regeneration (around neck)
 G - a +6 ring of strength (right hand)
 J - the ring "Itiosh" {rC+ EV+5 Int+2}
   (You took it off a minotaur in a Gauntlet)

   [ring of evasion]

   EV:        It affects your evasion (+5).
   Int:       It affects your intelligence (+2).
   rC:        It protects you from cold.
 M - a +4 ring of slaying (left hand)
 Y - the necklace of Bloodlust {Fury *Rage Will++ Int-3 Slay+6}
   (You found it in a Gauntlet)

   [amulet of nothing]

   Fury:      It extends the wearer's berserk rage when killing foes.
   Int:       It affects your intelligence (-3).
   Slay:      It affects your accuracy & damage with ranged weapons and melee
   (+6).
   *Rage:     It berserks you when you make melee attacks (+50% chance).
   Will:      It greatly increases your willpower.
Wands
 k - a wand of polymorph (7)
 r - a wand of flame (78)
 K - a wand of roots (16)
 L - a wand of digging (11)
 U - a wand of acid (6)
Scrolls
 d - 2 scrolls of acquirement {unknown}
 e - 6 scrolls of fear {unknown}
 g - 6 scrolls of vulnerability {unknown}
 i - 10 scrolls of teleportation {unknown}
 j - a scroll of blinking
 l - a scroll of silence
 p - 10 scrolls of fog {unknown}
 w - 2 scrolls of enchant weapon
 C - 4 scrolls of magic mapping
 D - 3 scrolls of immolation
Potions
 a - 4 potions of might
 m - 7 potions of heal wounds
 o - 15 potions of curing
 A - 2 potions of mutation
 B - a potion of berserk rage
 F - 5 potions of haste
 H - 2 potions of resistance
 I - 5 potions of lignification
 N - a potion of cancellation
 Z - 3 potions of invisibility
Miscellaneous
 n - a tin of tremorstones (2/2)
 X - a phantom mirror (inert)


   Skills:
 + Level 12.4 Fighting
 + Level 14.8(17.7) Axes
 + Level 13.6(15.6) Maces & Flails
 + Level 7.3 Throwing
 + Level 8.3 Armour
 + Level 5.1 Dodging
 + Level 4.4 Stealth
 - Level 8.0 Shields
 + Level 0.1 Spellcasting
 + Level 13.3 Invocations
 + Level 10.3 Evocations


You had 13 spell levels left.
You knew the following spells:

 Your Spells              Type           Power      Damage    Failure   Level
a - Beastly Appendage     Tmut           0%         N/A       36%         1

Your spell library contained the following spells:

 Spells                   Type           Power      Damage    Failure   Level
 Kiss of Death            Conj/Necr      0%         2d5       36%         1
 Wereblood                Tmut           0%         N/A       50%         2
 Confusing Touch          Hex            0%         N/A       75%         3
 Frozen Ramparts          Ice            0%         1d1       75%         3
 Gell's Gravitas          Tloc           0%         N/A       75%         3
 Spider Form              Tmut/Pois      0%         N/A       75%         3
 Stone Arrow              Conj/Erth      0%         3d7       75%         3
 Teleport Other           Tloc           0%         N/A       75%         3
 Anguish                  Hex/Necr       0%         N/A       98%         4
 Animate Armour           Summ/Erth      0%         N/A       98%         4
 Cause Fear               Hex            0%         N/A       98%         4
 Dispel Undead            Necr           0%         3d6       98%         4
 Ice Form                 Ice/Tmut       0%         N/A       98%         4
 Manifold Assault         Tloc           0%         N/A       98%         4
 Summon Ice Beast         Ice/Summ       0%         N/A       98%         4
 Blade Hands              Tmut           0%         N/A       100%        5
 Fireball                 Conj/Fire      0%         3d3       100%        5
 Iskenderun's Battlesphe  Conj           0%         2d6       100%        5
 Yara's Violent Unravell  Hex/Tmut       0%         3d3       100%        5
 Conjure Ball Lightning   Conj/Air       0%         3x3d6     100%        6
 Dispersal                Tloc           0%         N/A       100%        6
 Eringya's Noxious Bog    Tmut/Pois      0%         N/A       100%        6
 Iron Shot                Conj/Erth      0%         9d1       100%        6
 Enfeeble                 Hex            0%         N/A       100%        7
 Orb of Destruction       Conj           0%         9d5       100%        7
 Disjunction              Tloc           0%         N/A       100%        8
 Lehudib's Crystal Spear  Conj/Erth      0%         10d2      100%        8


Dungeon Overview and Level Annotations

Branches:
Dungeon (13/15)            Temple (0/1) D:6            Lair (5/5) D:11
 Shoals (2/4) Lair:2       Spider (0/4) Lair:2        Slime (0/5) Lair:5
    Orc (0/2) D:10         Bailey (visited)         Gauntlet (visited)
 Vaults: D:13-14

Altars:
Dithmenos
Fedhas
Gozag
Hepliaklqana
Nemelex Xobeh
Qazlal
Uskayaw
Vehumet
Xom
Yredelemnul
Jiyva

Shops:
D:3 [   Shoals:1 !   Shoals:2 ?

Annotations:
D:4 1 runed translucent door, Crazy Yiuf
D:12 1 runed translucent door, 2 transporters, SecretSquirrel's ghost, journeyman MiHu
Lair:5 1 runed translucent door
Shoals:2 1 transporter, Ilsuiw


Message History

The water elemental engulfs you in water!
You completely miss something. You slash the water elemental! x2
You destroy the water elemental!
The water elemental disappears in a puff of smoke!
* * * LOW HITPOINT WARNING * * *
Your lungs strain for air!
Something hits you.
* * * LOW HITPOINT WARNING * * *
Something freezes you.
* * * LOW HITPOINT WARNING * * *
You slash something! You slash the water elemental!
You destroy the water elemental!
The water elemental disappears in a puff of smoke!
The water engulfing you falls away.
You gasp with relief as air once again reaches your lungs.
Morbeogh misses something.
Unknown command.
You barely miss something. Something hits you.
* * * LOW HITPOINT WARNING * * *
Something freezes you.
* * * LOW HITPOINT WARNING * * *
Morbeogh misses something.
You miss something.
Warrok no longer looks unusually strong.
You block something's attack.
Morbeogh completely misses something.
You slice something!!
Dorog no longer looks unusually strong.
Something hits you.
* * * LOW HITPOINT WARNING * * *
Something freezes you.
* * * LOW HITPOINT WARNING * * *
You slice something!! Something hits you!
* * * LOW HITPOINT WARNING * * *
Something freezes you.
* * * LOW HITPOINT WARNING * * *
You closely miss something. You slice something!! Something hits you!
* * * LOW HITPOINT WARNING * * *
Something freezes you.
You die...

.....
~~~~~~~≈≈≈~≈≈~..~......)
.##..
~~~~~~~≈≈~~≈≈).~≈~...###
## .
~~~~~~~≈~~~~≈≈≈~~~~..###
~~~≈~~~≈~~~~~~~..~~...#.
~~≈≈≈~~~~~..~~~~........
~≈≈≈≈~~~~~..~~~~~~~...##
.
≈≈≈≈≈~~~~~).~~~~~~~..##.
..
≈≈≈≈≈~~{≈≈~)†~~~≈~~~....
...
≈≈≈≈≈~o@oo))..~~~~~.....
≈≈≈≈≈~ooo†###†.~~~~.....
≈≈≈≈≈~~..## #(...~~~~~~.
≈≈≈≈≈~..## #§...~~~~~~.
~~≈≈≈~~.. #o...~~~~~~~
..~~~~~.. Y...~~~~~≈≈~
##.~~~~... ....~.~~~~≈≈~
#..~~~~~~ ..~~~~~~~~~~~
#.~~~~~~~~~~~~~......~~


You could see the friendly Agrik the orc warlord, the friendly Bogward the orc
knight, the friendly Dorog the orc knight, the friendly Morbeogh the orc knight,
the friendly Warrok the orc knight and a friendly orc warrior.

Vanquished Creatures
  Polyphemus (Shoals:2)
  A minotaur (Gauntlet)
  A merfolk impaler (Shoals:2)
  A hydra (Lair:3)
  A merfolk avatar (Shoals:1)
  A centaur warrior (D:13)
  4 two-headed ogres
  2 death yaks
  A wretched star (Gauntlet)
  A fire crab (Lair:4)
  A skeletal warrior (D:12)
  Pikel (D:7)
  A lindwurm (Lair:5)
  4 harpies
  An ugly thing (D:12)
  2 manticores
  A cyclops (D:12)
  A wolf spider (Lair:5)
  2 elephants
  5 black mambas
  4 merfolk sirens
  2 water nymphs
  3 torpor snails (Lair:5)
  A gargoyle (D:11)
  4 cane toads
  Maggie (D:7)
  2 komodo dragons
  An unseen horror (D:12)
  2 queen bees
  6 hornets
  A merfolk (Shoals:2)
  2 dream sheep (Lair:3)
  4 slime creatures
  3 centaur simulacra (Gauntlet)
  A vampire (D:12)
  2 wyverns (Lair:5)
  3 wraiths (Lair:4)
  A basilisk (Lair:4)
  30 yaks
  A redback (Lair:2)
  A steam dragon (D:6)
  A neqoxec (Gauntlet)
  Edmund (D:6)
  2 vampire mosquitoes (D:13)
  An acid dragon (D:11)
  Duvessa (D:7)
  8 water moccasins
  A meliai simulacrum (Gauntlet)
  An ice beast (D:7)
  3 black bears
  9 orc warriors (Bailey)
  3 wolves
  8 centaurs
  4 ogres
  A phantom (D:5)
  A kobold brigand (D:4)
  9 bullfrogs
  A gnoll sergeant (D:7)
  A cane toad simulacrum (Gauntlet)
  2 scorpions
  Dowan (D:7)
  15 killer bees
  An electric eel (D:11)
  3 howler monkeys (D:8)
  5 jellies
  5 orc priests
  4 hounds
  A sleepcap (D:7)
  5 iguanas
  5 orc wizards
  2 hell rats (Lair:3)
  10 gnolls
  7 adders
  2 white imps
  2 ufetubi
  A worm (D:2)
  2 dart slugs
  7 orcs
  6 endoplasms
  5 giant cockroaches
  11 goblins
  8 hobgoblins
  5 jackals
  A kobold (D:3)
  4 quokkas
  4 ball pythons
  4 bats
  6 frilled lizards
  A hobgoblin zombie (D:8)
  An orc zombie (D:8)
  4 rats
304 creatures vanquished.

Vanquished Creatures (collateral kills)
  Aizul (Shoals:2)
  2 merfolk javelineers (Shoals:2)
  Josephine (Lair:4)
  A merfolk impaler (Shoals:2)
  3 hydras
  2 catoblepae
  A centaur warrior (Shoals:1)
  5 death yaks
  A boulder beetle (D:11)
  Amaemon (D:10)
  3 sea snakes
  2 skeletal warriors (D:12)
  A fire crab (Lair:3)
  3 skysharks
  An orange crystal statue (D:9)
  A lindwurm (Lair:5)
  4 harpies
  An ugly thing (D:12)
  2 manticores
  3 cyclopes
  A guardian serpent (Lair:5)
  10 elephants
  7 black mambas
  2 merfolk sirens
  2 torpor snails (Lair:5)
  An orange demon (D:10)
  12 cane toads
  2 gargoyles
  2 rime drakes (Lair:3)
  A komodo dragon (shapeshifter) (D:13)
  10 komodo dragons
  8 hornets
  3 tyrant leeches (Lair:5)
  2 wind drakes
  6 merfolk
  3 dream sheep (Lair:3)
  A water elemental (Shoals:1)
  3 slime creatures
  9 wyverns
  A vampire (D:11)
  22 yaks
  4 wraiths
  2 redbacks
  13 vampire mosquitoes
  2 basilisks
  24 water moccasins
  4 orc warriors (Bailey)
  2 black bears
  13 wolves
  8 centaurs
  A lemure (D:7)
  3 kobold brigands
  8 bullfrogs
  6 killer bees
  An electric eel (D:11)
  2 howler monkeys
  A hound (D:6)
  4 orc priests
  4 orc wizards
  2 hell rats (Lair:3)
  A mummy (D:8)
  12 orcs
  3 goblins (D:8)
  10 kobolds
  2 kobold zombies (D:8)
  A butterfly (Lair:2)
  2 tentacles (Shoals:2)
282 creatures vanquished.

Vanquished Creatures (others)
  3 orc knights
  An orc high priest (D:12)
  7 orc warriors
  10 orc priests
  6 orc wizards
  A white imp (D:6)
  35 orcs
  10 tentacles (Shoals:2)
73 creatures vanquished.

Grand Total: 659 creatures vanquished

Notes
Turn   | Place    | Note
-------+----------+-------------------------------------------
     0 | D:1      | Kazon the Hill Orc Monk began the quest for the Orb.
     0 | D:1      | Reached XP level 1. HP: 19/19 MP: 1/1
   136 | D:1      | Reached XP level 2. HP: 25/27 MP: 2/2
   313 | D:1      | Found a faded altar of an unknown god.
   414 | D:1      | Reached XP level 3. HP: 32/33 MP: 3/3
   549 | D:1      | Learned a level 1 spell: Beastly Appendage
   858 | D:2      | You fall into a shaft and drop 2 floors!
   858 | D:4      | Found a sparkling altar of Nemelex Xobeh.
   902 | D:4      | Noticed a kobold brigand
   903 | D:4      | Became a worshipper of Beogh the Brigand
   903 | D:4      | Reached * piety under Beogh
   903 | D:4      | Reached ** piety under Beogh
   914 | D:4      | Killed a kobold brigand
   915 | D:4      | Reached skill level 5 in Axes
   915 | D:4      | Reached XP level 4. HP: 7/40 MP: 4/4
   942 | D:4      | Reached skill level 1 in Invocations
  1393 | D:2      | Reached skill level 1 in Evocations
  1513 | D:3      | Found Ydegiw's Antique Armour Boutique.
  1779 | D:3      | Reached XP level 5. HP: 44/47 MP: 4/6
  2459 | D:4      | Found a runed translucent door.
  2460 | D:4      | Noticed Crazy Yiuf
  2516 | D:4      | Reached skill level 6 in Axes
  2516 | D:4      | Reached skill level 1 in Armour
  2567 | D:5      | Entered Level 5 of the Dungeon
  2599 | D:5      | Reached XP level 6. HP: 23/53 MP: 7/7
  2746 | D:5      | Reached skill level 1 in Maces & Flails
  2821 | D:5      | Reached skill level 1 in Throwing
  2821 | D:5      | Reached XP level 7. HP: 53/60 MP: 7/9
  2821 | D:5      | Noticed a two-headed ogre
  2829 | D:5      | Killed a two-headed ogre
  2830 | D:5      | Reached skill level 5 in Fighting
  2830 | D:5      | Reached skill level 7 in Axes
  2830 | D:5      | Reached XP level 8. HP: 45/68 MP: 8/11
  2832 | D:5      | Reached *** piety under Beogh
  3070 | D:5      | Reached skill level 5 in Maces & Flails
  3380 | D:6      | Reached skill level 5 in Invocations
  3448 | D:6      | Noticed Edmund
  3467 | D:6      | Killed Edmund
  3468 | D:6      | Reached XP level 9. HP: 66/72 MP: 11/13
  3644 | D:6      | Found a staircase to the Ecumenical Temple.
  4070 | D:6      | Found a hide-covered altar of Uskayaw.
  4070 | D:6      | Noticed a +0 hand axe
  4096 | D:6      | Noticed a +0 hand axe
  4242 | D:7      | Noticed Pikel
  4253 | D:7      | Killed Pikel
  4254 | D:7      | Reached skill level 10 in Maces & Flails
  4254 | D:7      | Reached skill level 5 in Evocations
  4288 | D:7      | Noticed Dowan
  4295 | D:7      | Killed Dowan
  4299 | D:7      | Noticed Duvessa
  4307 | D:7      | Killed Duvessa
  4308 | D:7      | Reached XP level 10. HP: 57/84 MP: 15/15
  4367 | D:7      | Noticed Maggie
  4372 | D:7      | Reached **** piety under Beogh
  4382 | D:7      | Killed Maggie
  4569 | D:7      | Reached skill level 5 in Armour
  4610 | D:7      | Found a stormy altar of Qazlal.
  4971 | D:8      | Reached skill level 8 in Axes
  5027 | D:8      | Found a shadowy altar of Dithmenos.
  5039 | D:8      | Found a flagged portal.
  5053 | Bailey   | Entered a bailey
  5056 | Bailey   | Reached ***** piety under Beogh
  5198 | Bailey   | Gained Warrok as an ally
  5225 | Bailey   | Reached skill level 9 in Axes
  5291 | Bailey   | Reached XP level 11. HP: 88/93 MP: 17/17
  5720 | D:8      | Noticed a two-headed ogre
  5724 | D:8      | Killed a two-headed ogre
  6357 | D:9      | Noticed an orange crystal statue
  6376 | D:9      | Killed an orange crystal statue
  6377 | D:9      | Reached skill level 10 in Axes
  6402 | D:9      | Found a shimmering altar of Xom.
  6415 | D:9      | Found a basalt altar of Yredelemnul.
  6469 | D:9      | Paralysed by a hornet for 1 turns
  6618 | D:9      | Found an opulent altar of Gozag.
  6817 | D:9      | Gained Norbak as an ally
  6818 | D:9      | Reached skill level 1 in Stealth
  6823 | D:9      | Gained Boghold as an ally
  6926 | D:10     | Entered Level 10 of the Dungeon
  6963 | D:10     | Noticed a cyclops
  6971 | D:10     | Killed a cyclops
  6972 | D:10     | Found a staircase to the Orcish Mines.
  7202 | D:10     | Noticed Amaemon
  7216 | D:10     | Killed Amaemon
  7217 | D:10     | Reached skill level 11 in Axes
  7223 | D:10     | Gained Urtork as an ally
  7240 | D:10     | Noticed a two-headed ogre
  7247 | D:10     | Killed a two-headed ogre
  7505 | D:10     | Your ally Urtork died
  7843 | D:11     | Reached skill level 10 in Invocations
  7849 | D:11     | Reached ****** piety under Beogh
  7862 | D:11     | Found a staircase to the Lair.
  7865 | D:11     | Gained Bogfrid as an ally
  7910 | D:11     | Identified the +6 short sword of Loeniaghisi {vamp, rF+
                  | Int+3}
  7920 | D:11     | Reached XP level 12. HP: 92/104 MP: 19/19
  8036 | D:11     | Identified the +0 leather armour of Fashionability
                  | {Rampage}
  8118 | D:11     | Noticed a boulder beetle
  8125 | D:11     | Killed a boulder beetle
  8172 | D:11     | Found a hazy altar of Hepliaklqana.
  8357 | D:11     | Found the +0 toga "Victory" {*Victory Clar}
  8543 | Lair:1   | Entered Level 1 of the Lair of Beasts
  8626 | Lair:1   | Gained Warrok as an ally
  8716 | Lair:1   | Gained Agrik as an ally
  8858 | Lair:1   | Reached skill level 12 in Axes
  9213 | Lair:2   | Reached skill level 1 in Shields
  9218 | Lair:2   | Found a staircase to the Shoals.
  9219 | Lair:2   | Your ally Bogfrid died
  9303 | Lair:2   | Found a hole to the Spider Nest.
  9368 | Lair:2   | Noticed a skyshark
  9374 | Lair:2   | Killed a skyshark
  9396 | Lair:2   | Reached skill level 13 in Axes
  9486 | Lair:2   | Gained Dorog as an ally
 10064 | Lair:3   | Reached XP level 13. HP: 106/113 MP: 21/21
 10212 | Lair:3   | Reached skill level 10 in Fighting
 10392 | Lair:3   | You fall into a shaft and drop 1 floor!
 10643 | Lair:3   | Gained Bogward as an ally
 10937 | Lair:4   | Noticed Josephine
 10944 | Lair:4   | Reached skill level 5 in Shields
 10949 | Lair:4   | Killed Josephine
 10950 | Lair:4   | Reached skill level 14 in Axes
 11490 | Lair:5   | Entered Level 5 of the Lair of Beasts
 11556 | Lair:5   | Found a viscous altar of Jiyva.
 11556 | Lair:5   | Found a staircase to the Slime Pits.
 11601 | Lair:5   | Your ally Bogfrid died
 11603 | Lair:5   | Found a blossoming altar of Fedhas.
 11905 | Lair:5   | Reached XP level 14. HP: 123/124 MP: 23/23
 12186 | Lair:5   | Found a runed translucent door.
 12263 | Lair:5   | Reached skill level 5 in Throwing
 12983 | D:12     | Found a runed translucent door.
 13141 | D:12     | Your ally Boghold died
 13154 | D:12     | Found a radiant altar of Vehumet.
 13168 | D:12     | Reached skill level 10 in Evocations
 13214 | D:12     | Your ally Bogfrid died
 13273 | D:12     | Noticed SecretSquirrel's ghost (journeyman MiHu)
 13277 | D:12     | Found a transporter.
 13324 | D:12     | Found a gate leading to a gauntlet.
 13349 | Gauntlet | Entered a Gauntlet
 13349 | Gauntlet | Found a transporter.
 13352 | Gauntlet | Found a transporter.
 13354 | Gauntlet | Found a transporter.
 13370 | Gauntlet | Found a transporter.
 13371 | Gauntlet | Found a transporter.
 13381 | Gauntlet | Found a transporter.
 13397 | Gauntlet | Found a transporter.
 13407 | Gauntlet | Found a transporter.
 13416 | Gauntlet | Found a runed translucent gate.
 13417 | Gauntlet | Found a transporter.
 13417 | Gauntlet | Found a runed translucent gate.
 13418 | Gauntlet | Found a runed translucent gate.
 13431 | Gauntlet | Found a transporter.
 13439 | Gauntlet | Found a runed translucent door.
 13441 | Gauntlet | Found a transporter.
 13443 | Gauntlet | Found a runed translucent door.
 13444 | Gauntlet | Found a transporter.
 13568 | Gauntlet | Found a transporter.
 13680 | Gauntlet | Found the necklace of Bloodlust {Fury *Rage Will++ Int-3
                  | Slay+6}
 13680 | Gauntlet | Identified the +10 war axe of War {holy, rF+ Str+2 Dex+4}
 13680 | Gauntlet | Identified the ring "Itiosh" {rC+ EV+5 Int+2}
 13705 | Gauntlet | Got the Tome of Transmutation
 14020 | D:12     | Found a transporter.
 14875 | Shoals:1 | Entered Level 1 of the Shoals
 14930 | Shoals:1 | Found Nurchopru's Distillery.
 14942 | Shoals:1 | Bought a potion of curing for 48 gold pieces
 14942 | Shoals:1 | Bought a potion of heal wounds for 80 gold pieces
 14942 | Shoals:1 | Bought a potion of mutation for 128 gold pieces
 15092 | Shoals:1 | Your ally Warrok died
 15335 | Shoals:1 | Noticed a kraken
 15768 | Shoals:2 | Found a transporter.
 15768 | Shoals:2 | Found Ashuddio's Magic Scroll Boutique.
 15827 | Shoals:2 | Noticed Aizul
 15840 | Shoals:2 | Killed Aizul
 15883 | Shoals:2 | Reached skill level 5 in Dodging
 15883 | Shoals:2 | Reached XP level 15. HP: 86/134 MP: 24/24
 16026 | Shoals:2 | Noticed a kraken
 16166 | Shoals:2 | Noticed Polyphemus
 16173 | Shoals:2 | Noticed Ilsuiw
 16178 | Shoals:2 | Killed Polyphemus
 16182 | Shoals:2 | Gained Morbeogh as an ally
 16184 | Shoals:2 | Your ally Norbak died
 16215 | Shoals:2 | HP: 3/134 [something (7)]
 16215 | Shoals:2 | Slain by Ilsuiw

Illustrated notes

Levels and vault maps discovered:
D:1:      beargit_arrival_greenhouse, layout_loops_ring,
          nicolae_ecumenical_lake_church, grunt_decor_mini_mirrors
D:2:      layout_basic
D:3:      layout_basic, serial_shops, shop
D:4:      layout_rooms, nemelex_xobeh_ov_fountains_minmay,
          uniq_crazy_yiuf_cottage
D:5:      layout_basic, minmay_manual_mandibuliform
D:6:      layout_cave_pods, dancing_weapons_uskayaw,
          minmay_temple_entry_statues_pillars, grunt_ministairs_7, uniq_edmund
D:7:      minmay_spotlight, layout_basic, mainiacjoe_overflow_24_doors,
          minmay_misc_feat_more_columns, st_stairs_12, uniq_duvessa,
          uniq_maggie, uniq_pikel
D:8:      layout_layer_cave, grunt_dithmenos_smoke_and_mirrors, enter_bailey_5,
          minmay_mini_ossuary
D:9:      layout_rooms, lemuel_tele_altar, mainiacjoe_overflow_catch_the_wave,
          minivault_16, nicolae_looking_at_the_future
D:10:     layout_basic, hiddenorc2_lemuel, uniq_amaemon
D:11:     layout_basic, due_lair_maze_entry_diamond,
          nicolae_hepliaklqana_hazy_memory
D:12:     layout_loops_cross, gauntlet_entry_generic, gammafunk_ghost_hive,
          minmay_st_funbox, vehumet_altar_wand_db
D:13:     layout_basic, grunt_vaults_entry_fortified
Lair:1:   layout_long_grid, dreamdust_mushroom_princess, st_stairs_9,
          serial_bayou_shore_b
Lair:2:   layout_gridlike, nicolae_shoals_entry_roost, spider_nest_entry_webs,
          wad_woods_road_01, lemuel_fruit_fields
Lair:3:   layout_gridlike, minmay_shattered_shrine
Lair:4:   layout_gridlike, uniq_josephine
Lair:5:   hangedman_lair_tendril_chambers, layout_regular_city, wormcave,
          minmay_slime_entry_pillars, basic_altar, infiniplex_staircase_pool_2,
          serial_bayou_shore_b
Shoals:1: layout_shoals, serial_shops, shop
Shoals:2: layout_shoals, serial_shops, nicolae_shop_drivethru, uniq_ilsuiw,
          uniq_aizul, uniq_polyphemus

Skill      XL: |  1  2  3  4  5  6  7  8  9 10 11 12 13 14 15 |
---------------+----------------------------------------------+-----
Fighting       | 4 5 6 7 9 11 12 | 12.4
Axes           | 5 6 7 9 11 13 14 | 14.8
Invocations    | 1 2 3 4 5 6 8 10 11 12 13 | 13.3
Evocations     | 1 2 3 4 5 6 7 8 9 10 | 10.3
Armour         | 1 2 3 4 5 7 8 |  8.3
Maces & Flails | 1 3 7 10 11 13 | 13.6
Throwing       | 1 2 3 4 6 7 |  7.3
Stealth        | 1 2 3 4 |  4.4
Shields        | 3 6 8 |  8.0
Dodging        | 3 4 5 |  5.1
Spellcasting   | |  0.1

Action                     |  1- 3 |  4- 6 |  7- 9 | 10-12 | 13-15 || total
---------------------------+-------+-------+-------+-------+-------++-------
  Melee: War axe           |    60 |    83 |       |       |    95 ||   238
         Hand axe          |     2 |       |       |       |       ||     2
         Flail             |       |    25 |   153 |    25 |       ||   203
         Broad axe         |       |       |       |   327 |    25 ||   352
         Demon whip        |       |       |       |       |   299 ||   299
  Throw: Stone             |       |    21 |    21 |       |       ||    42
         Dart              |       |     1 |    13 |    18 |    53 ||    85
         Boomerang         |       |       |       |    10 |    47 ||    57
         Javelin           |       |       |       |     2 |     7 ||     9
   Cast: Beastly Appendage |       |       |       |       |     1 ||     1
 Invoke: Convert to Beogh  |     1 |       |       |       |       ||     1
         Give Item to Name |       |       |       |     6 |     2 ||     8
         Resurrection      |       |       |       |     1 |     1 ||     2
         Recall Orcish Fol |       |       |       |       |     3 ||     3
         Smiting           |       |       |       |       |     1 ||     1
  Evoke: Wand              |       |       |       |    10 |    21 ||    31
         Phantom mirror    |       |       |       |       |     1 ||     1
    Use: Scroll            |       |       |       |    10 |     8 ||    18
         Potion            |       |       |       |     2 |       ||     2
   Stab: Distracted        |       |       |       |     8 |     6 ||    14
         Confused          |       |       |       |     1 |       ||     1
 Armour: Robe              |    13 |       |       |     3 |    56 ||    72
         Plate armour      |       |    56 |    94 |    96 |       ||   246
         Crystal plate arm |       |       |       |   128 |       ||   128
  Dodge: Dodged            |    52 |    36 |    75 |   197 |   166 ||   526
  Block: Kite shield       |       |       |       |    47 |   167 ||   214
